 Dungeon Crawl Stone Soup version 0.27.1-33-g824d729ab1 (webtiles) character file.

Game seed: 17843465191238356177

1125 austinbyrn the Shield-Bearer (level 8, 0/51 HPs)
             Began as a Gargoyle Fighter on Dec 14, 2021.
             Killed from afar by an orc wizard (1 damage)
             ... with a magic dart
             ... on level 5 of the Dungeon.
             The game lasted 00:10:41 (5974 turns).

austinbyrn the Shield-Bearer (Gargoyle Fighter)     Turns: 5974, Time: 00:10:41

Health: 0/51       AC: 21    Str: 23    XL:     8   Next: 35%
Magic:  0/8        EV:  8    Int:  8    God:
Gold:   543        SH: 11    Dex:  9    Spells: 7/7 levels left

rFire    . . .     SeeInvis .   d - +4 flail (protect)
rCold    . . .     Faith    .   c - +0 kite shield
rNeg     + . .     Spirit   +   b - +0 scale mail
rPois    ∞         Reflect  .   (no helmet)
rElec    +         Harm     .   s - +0 cloak
rCorr    .         Rampage  .   n - +0 pair of gloves
Will     .....                  (no boots)
Stlth    ..........             e - amulet of guardian spirit
HPRegen  0.17/turn              (no ring)
MPRegen  0.11/turn              (no ring)

@: under a protective aura
A: sickness immunity, AC +5, negative energy resistance 1, electricity
resistance, torment resistance 1, petrification resistance
a: no special abilities


You were on level 5 of the Dungeon.
You visited 1 branch of the dungeon, and saw 5 of its levels.

You collected 543 gold pieces.

Inventory:

Hand Weapons
 d - a +4 flail of protection (weapon)
Missiles
 m - 14 poisoned darts (quivered)
Armour
 b - a +0 scale mail (worn)
 c - a +0 kite shield (worn)
 n - a +0 pair of gloves (worn)
 s - a +0 cloak (worn)
Jewellery
 e - an amulet of guardian spirit (around neck)
Wands
 p - a wand of acid (8)
Scrolls
 a - 2 scrolls of brand weapon
 f - a scroll of enchant armour
 h - 2 scrolls of noise
 k - 2 scrolls of identify
Potions
 g - a potion of lignification {unknown}
 i - 2 potions of brilliance
 j - a potion of flight {unknown}
 t - 2 potions of attraction


   Skills:
 + Level 5.7 Fighting
 * Level 6.3 Maces & Flails
 - Level 3.2 Armour
 * Level 7.4 Shields


You had 7 spell levels left.
You didn't know any spells.
Your spell library contained the following spells:

 Spells                   Type           Power      Damage    Failure   Level
 Beastly Appendage        Tmut           0%         N/A       96%         1
 Sting                    Tmut/Pois      0%         1d3       96%         1
 Summon Small Mammal      Summ           0%         N/A       96%         1
 Blink                    Tloc           N/A        N/A       99%         2
 Poisonous Vapours        Pois/Air       0%         N/A       99%         2
 Wereblood                Tmut           0%         N/A       99%         2
 Call Canine Familiar     Summ           0%         N/A       100%        3
 Ozocubu's Armour         Ice            0%         N/A       100%        3
 Spider Form              Tmut/Pois      0%         N/A       100%        3
 Summon Guardian Golem    Hex/Summ       0%         N/A       100%        3
 Olgreb's Toxic Radiance  Pois           0%         N/A       100%        4
 Manifold Assault         Tloc           0%         N/A       100%        5
 Ozocubu's Refrigeration  Ice            0%         4d5       100%        7
 Storm Form               Tmut/Air       0%         N/A       100%        7


Dungeon Overview and Level Annotations

Branches:
Dungeon (5/15)
 Temple: D:4-7

Altars:
Hepliaklqana
Ru
The Shining One

Shops:
D:4 :


Innate Abilities, Weirdness & Mutations

You are immune to sickness and miasma.
Your stone body is resilient. (AC +5)
You are immune to poison.
You resist negative energy. (rN+)
You are resistant to electric shocks. (rElec)
You are resistant to unholy torment.
You are immune to petrification.


Message History

You struggle to resist.
Something hits you but does no damage.
You closely miss the orc priest.
The orc wizard hits you but does no damage.
The orc priest hits you with a +0 falchion.
The orc wizard barely misses you.
You barely miss the orc priest. Something hits you but does no damage.
The orc priest invokes the aid of Beogh against you.
Pain shoots through your body! You block the orc's attack.
The orc wizard casts a spell at you. You resist with some effort.
You closely miss the orc priest. Something hits you.
* * * LOW HITPOINT WARNING * * *
The orc priest hits you but does no damage.
The orc wizard hits you but does no damage.
The orc hits you with a +0 flail.
* * * LOW HITPOINT WARNING * * *
You thump the orc priest!
Your weapon exudes an aura of protection.
The orc priest is heavily wounded.
You block something's attack.
The orc priest calls down the wrath of Beogh upon you.
Beogh smites you!
* * * LOW HITPOINT WARNING * * *
You block the orc wizard's attack. You block the orc's attack.
Something hits you but does no damage.
The orc priest calls down the wrath of Beogh upon you.
You struggle to resist.
You sock the orc priest!
You kill the orc priest!
The orc wizard hits you but does no damage.
The orc hits you but does no damage. Something hits you but does no damage.
The orc hits you with a +0 flail.
* * * LOW HITPOINT WARNING * * *
The orc wizard hits you but does no damage.
You barely miss the orc wizard.
The orc wizard is severely wounded.
You hear some strange, mumbled words.
A magic dart appears from out of thin air!
The magic dart hits you.
You die...

.#......# .#......#
##......# ##+###########
......###+#.............
......+...#.............
......#...'.............
......#...#.............
......###'#.....o)......
...#'##...#....{@o#
...#......#.......+
...#......#.......#
...#......#.......#
...#......#.......#
...#####+##.......#
..................#
..................#
..................#


You could see an orc wizard and an orc.

Vanquished Creatures
  2 ogres (D:4)
  A necrophage (D:4)
  A phantom (D:5)
  Blork the orc (D:4)
  3 scorpions (D:4)
  A water moccasin skeleton (D:4)
  5 hounds
  2 orc priests
  An iguana (D:4)
  2 orc wizards
  A hound skeleton (D:4)
  A howler monkey zombie (D:3)
  A howler monkey skeleton (D:4)
  6 gnolls (D:4)
  4 adders
  An ufetubus (D:4)
  A dart slug (D:1)
  10 orcs
  9 ball pythons
  4 bats
  7 endoplasms
  3 giant cockroaches
  7 goblins
  9 hobgoblins
  5 jackals
  3 quokkas
  3 frilled lizards
  A jackal zombie (D:4)
  8 kobolds
  5 rats
108 creatures vanquished.

Notes
Turn   | Place    | Note
-------+----------+-------------------------------------------
     0 | D:1      | austinbyrn the Gargoyle Fighter began the quest for the
                  | Orb.
     0 | D:1      | Reached XP level 1. HP: 14/14 MP: 1/1
   253 | D:1      | Reached XP level 2. HP: 6/19 MP: 2/2
   863 | D:1      | Reached XP level 3. HP: 21/23 MP: 3/3
  1421 | D:2      | Reached skill level 4 in Shields
  1610 | D:2      | Found a hazy altar of Hepliaklqana.
  1734 | D:2      | Found a faded altar of an unknown god.
  2317 | D:3      | Found a glowing golden altar of the Shining One.
  2340 | D:3      | Reached XP level 4. HP: 29/29 MP: 4/4
  2609 | D:3      | Found a sacrificial altar of Ru.
  3087 | D:3      | Reached XP level 5. HP: 12/33 MP: 2/5
  3516 | D:4      | Reached skill level 5 in Shields
  3523 | D:4      | Reached XP level 6. HP: 37/39 MP: 6/6
  3610 | D:4      | Noticed a necrophage
  3621 | D:4      | Killed a necrophage
  3625 | D:4      | HP: 1/39 [scorpion (3)]
  3628 | D:4      | Reached XP level 7. HP: 2/44 MP: 1/7
  3972 | D:4      | Reached skill level 5 in Maces & Flails
  3972 | D:4      | Reached skill level 6 in Shields
  4147 | D:4      | Reached skill level 5 in Fighting
  4305 | D:4      | Noticed Blork the orc
  4315 | D:4      | Killed Blork the orc
  4659 | D:4      | Found Huyrhant's Book Shoppe.
  5151 | D:4      | Reached XP level 8. HP: 50/50 MP: 8/8
  5152 | D:4      | Reached skill level 7 in Shields
  5393 | D:5      | Entered Level 5 of the Dungeon
  5973 | D:5      | HP: 1/51 [orc (3)]
  5974 | D:5      | Killed from afar by an orc wizard

Illustrated notes

Levels and vault maps discovered:
D:1:      minmay_arrival_plants_in_alcoves, layout_loops_ring
D:2:      layout_loops_corners, basic_ecumenical_altar, basic_altar
D:3:      layout_rooms, pf_just_have_faith, general_overflow_altar
D:4:      minmay_polygon_palace, layout_loops_ring, kennysheep_windowed_goal,
          uniq_blork_the_orc
D:5:      layout_gridville, mainiacjoe_overflow_surrounded_room, minmay_circle_x

Skill      XL: |  1  2  3  4  5  6  7  8 |
---------------+-------------------------+-----
Shields        | 4 5 6 7 |  7.4
Maces & Flails | 3 4 5 6 |  6.3
Fighting       | 4 5 |  5.7
Armour         | |  3.2

Action                   |  1- 3 |  4- 6 |  7- 9 || total
-------------------------+-------+-------+-------++-------
Melee: Flail             |   156 |    77 |    63 ||   296
       Whip              |       |    69 |    79 ||   148
Throw: Dart              |       |       |    22 ||    22
  Use: Potion            |       |     2 |     1 ||     3
       Scroll            |       |       |    10 ||    10
Armor: Scale mail        |    89 |   120 |    71 ||   280
Dodge: Dodged            |    56 |    85 |    41 ||   182
Block: Kite shield       |    86 |   106 |    81 ||   273
